 Dungeon Crawl Stone Soup version 0.17.0-28-g6e173f8 (webtiles) character file.

658 dohliylev the Sneak (level 7, -2/42 HPs)
             Began as a Vampire Venom Mage on Nov 25, 2015.
             Slain by a phantom (7 damage)
             ... on level 5 of the Dungeon.
             The game lasted 01:06:14 (7020 turns).

dohliylev the Sneak (Vampire Venom Mage)            Turns: 7020, Time: 01:06:14

Health: -2/42      AC:  2    Str:  7    XL:     7   Next: 29%
Magic:  17/17      EV: 13    Int: 19    God:
Gold:   116        SH:  0    Dex: 15    Spells: 3 memorised, 6 levels left

rFire  . . .     SeeInvis +     f - +0 dagger
rCold  . . .     Clarity  .     (no armour)
rNeg   + . .     SustAt   .     (no shield)
rPois  .         Gourm    .     u - +0 Maxwell's etheric cage {RegenMP *Contam rElec MP+4}
rElec  +         Spirit   .     m - +0 cloak
rCorr  .         Warding  .     (no gloves)
rMut   .         Stasis   .     (no boots)
MR     .....                    (no amulet)
Stlth  +++.......               (no ring)
                                (no ring)

@: very slightly contaminated, not resistant to hostile enchantments, fairly
stealthy
A: fangs 3, see invisible, frail 1, unbreathing
a: Bat Form


You were on level 5 of the Dungeon.
You were not thirsty.

You visited 2 branches of the dungeon, and saw 7 of its levels.

You collected 270 gold pieces.
You spent 154 gold pieces at shops.

Inventory:

Hand Weapons
 f - a +0 dagger (weapon)
Armour
 m - a +0 cloak (worn)
 u - the +0 Maxwell's etheric cage (worn) {RegenMP *Contam rElec MP+4}
   (You bought it in a shop on level 4 of the Dungeon)

   It insulates you from electricity.
   It affects your magic capacity (+4).
   It causes magical contamination when unequipped.
 y - the +5 ring mail of Lisseth {MP+9 Dex+6}
   (You found it on level 5 of the Dungeon)

   It affects your dexterity (+6).
   It affects your magic capacity (+9).
Jewellery
 B - an uncursed amulet of guardian spirit {unknown}
Wands
 v - a wand of paralysis (17)
 w - a wand of teleportation (3)
 x - a wand of frost (30)
 z - a wand of random effects (21)
Scrolls
 d - 7 scrolls of identify {unknown}
 g - 2 scrolls of remove curse {unknown}
 l - 2 scrolls of blinking {unknown}
 n - a scroll of enchant weapon {unknown}
 p - 2 scrolls of teleportation {unknown}
 q - 2 scrolls of magic mapping {unknown}
 r - a scroll of fog {unknown}
 s - 3 scrolls of enchant armour {unknown}
 t - 2 scrolls of fear {unknown}
 A - a scroll of random uselessness {unknown}
Potions
 a - a potion of agility {unknown}
 c - 11 potions of blood
 e - a potion of heal wounds {unknown}
 h - 2 potions of brilliance {unknown}
 i - a potion of flight {unknown}
 j - a potion of haste {unknown}
 k - a potion of mutation {unknown}
 o - a potion of curing {unknown}
Books
 b - a Young Poisoner's Handbook

   Spells                             Type                      Level
   a - Sting                          Conjuration/Poison           1
   b - Cure Poison                    Poison                       2
   c - Mephitic Cloud                 Conjuration/Poison/Air       3
   d - Olgreb's Toxic Radiance        Poison                       4
   e - Venom Bolt                     Conjuration/Poison           5


   Skills:
 + Level 0.5 Fighting
 + Level 0.7 Short Blades
 + Level 0.1 Armour
 + Level 3.5 Dodging
 * Level 5.3 Stealth
 + Level 4.1 Spellcasting
 + Level 2.1 Conjurations
 + Level 1.6 Air Magic
 + Level 5.0 Poison Magic


You had 6 spell levels left.
You knew the following spells:

 Your Spells              Type           Power        Failure   Level  Hunger
a - Sting                 Conj/Pois      ###.         3%          1    None
b - Mephitic Cloud        Conj/Pois/Air  ###.....     14%         3    ###....
c - Olgreb's Toxic Radia  Pois           ###.....     17%         4    ####...


Dungeon Overview and Level Annotations

Branches:
Dungeon (6/15)             Temple (1/1) D:4

Altars:
Ashenzari
Cheibriados
Elyvilon
Gozag
Kikubaaqudgha
Nemelex Xobeh
Okawaru
Qazlal
Ru
Sif Muna
Xom
Yredelemnul
The Shining One

Shops:
D:4 [

Annotations:
D:4 ConnectionFaild's ghost, amateur DsAK
D:5 Crazy Yiuf


Innate Abilities, Weirdness & Mutations

You have razor-sharp teeth.
You have supernaturally acute eyesight.
You can survive without breathing.
You are frail (-10% HP).


Message History

* * * LOW HITPOINT WARNING * * *
You hit the phantom.
The phantom is lightly damaged.
You closely miss the phantom.
The phantom is lightly damaged.
The phantom hits you.
* * * LOW HITPOINT WARNING * * *
You hit the phantom.
The phantom is moderately damaged.
The phantom hits you but does no damage.
You closely miss the phantom. You bite the phantom.
The phantom is moderately damaged.
The phantom misses you.
You hit the phantom.
The phantom is moderately damaged.
The phantom closely misses you.
You completely miss the phantom. Your bite misses the phantom.
The phantom is moderately damaged.
The phantom hits you!
You die...

#.###..######..# #.# #..5Z......#
#.# #.###.#....## #.# #.#
#.#.##..## ###############.# #.#
#.#.....<# ...5....r.......# #..
..#####..#
##############################.##
. ......................[. ##
####..@......########..
....'..W......# #..
#####.........# ##. #..!......#
#. #.....†...# #. #.........# #.
#.........# #. #.........# ##
.....###### #


You could see a phantom.

Vanquished Creatures
  A giant frog (D:6)
  2 orc wizards
  2 hounds
  A giant frog skeleton (D:4)
  2 centaur skeletons (D:4)
  An iguana (D:4)
  4 worker ants
  4 gnolls (D:4)
  7 adders
  4 river rats (D:5)
  2 oozes (D:4)
  An adder skeleton (D:4)
  2 worms
  6 giant geckos
  14 orcs
  2 ball pythons
  6 giant cockroaches
  6 goblins
  10 hobgoblins
  9 kobolds
  3 quokkas
  5 bats
  2 giant newts
  2 hobgoblin zombies (D:5)
  A kobold zombie (D:5)
  An orc zombie (D:5)
  27 rats
127 creatures vanquished.

Notes
Turn   | Place    | Note
--------------------------------------------------------------
     0 | D:1      | dohliylev the Vampire Venom Mage began the quest for the Orb.
     0 | D:1      | Reached XP level 1. HP: 13/13 MP: 3/3
   179 | D:1      | Reached XP level 2. HP: 13/19 MP: 0/5
   225 | D:1      | Reached skill level 4 in Poison Magic
  1147 | D:2      | Reached XP level 3. HP: 24/24 MP: 6/6
  1152 | D:2      | Learned a level 3 spell: Mephitic Cloud
  1362 | D:2      | Reached skill level 1 in Conjurations
  1403 | D:2      | Found a basalt altar of Yredelemnul.
  1758 | D:3      | Reached XP level 4. HP: 22/30 MP: 2/7
  2005 | D:3      | Learned a level 4 spell: Olgreb's Toxic Radiance
  2752 | D:4      | Reached XP level 5. HP: 24/35 MP: 5/9
  2798 | D:4      | Noticed ConnectionFaild's ghost (amateur DsAK)
  2830 | D:4      | Found Diryp's Armour Shoppe.
  3039 | D:4      | Reached skill level 1 in Air Magic
  3198 | D:4      | Bought the +0 Maxwell's etheric cage {RegenMP *Contam rElec MP+4} for 154 gold pieces
  3229 | D:4      | Reached XP level 6. HP: 29/41 MP: 10/11
  3249 | D:4      | Found a staircase to the Ecumenical Temple.
  3282 | Temple   | Entered the Ecumenical Temple
  3718 | D:4      | Found a shimmering altar of Xom.
  3913 | D:5      | Entered Level 5 of the Dungeon
  3946 | D:5      | Got an ancient ring mail
  3957 | D:5      | Identified the +5 ring mail of Lisseth {MP+9 Dex+6} (You found it on level 5 of the Dungeon)
  4069 | D:5      | Noticed Crazy Yiuf
  4219 | D:6      | Gained mutation: You are frail (-10% HP). [mutagenic glow]
  4748 | D:5      | Reached XP level 7. HP: 28/42 MP: 8/13
  6414 | D:6      | Reached skill level 5 in Stealth
  6414 | D:6      | Reached skill level 5 in Poison Magic
  7020 | D:5      | Slain by a phantom

Action                   |  1- 3 |  4- 6 |  7- 9 || total
-------------------------+-------+-------+-------++-------
Melee: Dagger            |    36 |    54 |   136 ||   226
       Unarmed           |     3 |       |       ||     3
 Cast: Sting             |    73 |    92 |    66 ||   231
       Olgreb's Toxic Ra |       |    13 |       ||    13
       Mephitic Cloud    |       |    17 |     5 ||    22
 Abil: End Transformatio |       |     9 |     9 ||    18
       Bat Form          |       |     9 |     9 ||    18
  Use: Potion            |       |     2 |     7 ||     9
 Stab: Sleeping          |     6 |     9 |       ||    15
  Eat: Corpse            |       |     1 |       ||     1
